 Dungeon Crawl Stone Soup version 0.29.0-5-ge4962eb29e (webtiles) character file.

Game seed: 6607039725118237048

25 Descartes the Digger (level 2, 0/16 HPs)
             Began as a Deep Elf Wanderer on Aug 28, 2022.
             Slain by a jackal (3 damage)
             ... on level 1 of the Dungeon.
             The game lasted 00:04:20 (383 turns).

Descartes the Digger (Deep Elf Wanderer)             Turns: 383, Time: 00:04:21

Health: 0/16       AC:  2    Str:  8    XL:     2   Next: 82%
Magic:  1/7        EV: 12    Int: 15    God:
Gold:   50         SH:  0    Dex: 16    Spells: 4/5 levels left

rFire   . . .      SeeInvis .   a - +0 sling
rCold   . . .      Faith    .   (no shield)
rNeg    . . .      Spirit   .   e - +0 robe
rPois   .          Reflect  .   (no helmet)
rElec   .          Harm     .   (no cloak)
rCorr   .          Rampage  .   (no gloves)
Will    .....                   (no boots)
Stlth   +.........              (no amulet)
HPRegen 0.05/turn               (no ring)
MPRegen 0.10/turn               (no ring)

@: no status effects
A: no striking features
a: no special abilities


You were on level 1 of the Dungeon.
You visited 1 branch of the dungeon, and saw 1 of its levels.

You collected 50 gold pieces.

Inventory:

Hand Weapons
 a - a +0 sling (weapon)
 c - a +0 dagger
Missiles
 b - 15 poisoned darts (quivered)
 f - 11 stones
 h - a throwing net
Armour
 e - a +0 robe (worn)
Scrolls
 d - a scroll of fear
 i - a scroll of teleportation {unknown}
Potions
 g - a potion of attraction {unknown}


   Skills:
 + Level 1.2 Fighting
 - Level 2.6 Ranged Weapons
 - Level 1.0 Throwing
 + Level 1.2 Dodging
 + Level 2.0 Spellcasting
 + Level 1.0 Conjurations
 + Level 0.9 Transmutations
 + Level 3.4 Earth Magic
 - Level 2.0 Invocations


You had 4 spell levels left.
You knew the following spells:

 Your Spells              Type           Power      Damage    Failure   Level
a - Sandblast             Erth           22%        2d7       5%          1

Your spell library contained the following spells:

 Spells                   Type           Power      Damage    Failure   Level
 Stone Arrow              Conj/Erth      16%        3d8       26%         3
 Petrify                  Tmut/Erth      8%         N/A       65%         4


Dungeon Overview and Level Annotations

Branches:
Dungeon (1/15)

Altars:


Message History

The jackal misses you. The jackal barely misses you.
Unknown command.
Casting: Sandblast (safe; 5% risk of failure)
Confirm with . or Enter, or press ? or * to list all spells.
You don't have enough magic to cast this spell.
Unknown command.
The jackal bites you. The jackal barely misses you.
Casting: Sandblast (safe; 5% risk of failure)
Confirm with . or Enter, or press ? or * to list all spells.
Aiming: Sandblast (safe; 5% risk of failure)
Press: ? - help, Shift-Dir - straight line, f/p - jackal
Aim: a jackal (77% to hit)
The blast of sand hits the jackal.
The jackal is severely wounded.
The jackal barely misses you. The jackal closely misses you.
The jackal attacks as you move away! The jackal bites you.
The jackal bites you. The jackal attacks as you move away!
The jackal bites you. The jackal closely misses you.
Casting: Sandblast (safe; 5% risk of failure)
Confirm with . or Enter, or press ? or * to list all spells.
Aiming: Sandblast (safe; 5% risk of failure)
Press: ? - help, Shift-Dir - straight line, f/p - jackal
Aim: a jackal (heavily wounded, 77% to hit)
You miscast Sandblast.
You are very lightly contaminated with residual magic.
Nothing appears to happen.
The jackal bites you. x2
The jackal attacks as you move away! The jackal bites you.
* * * LOW HITPOINT WARNING * * *
The jackal barely misses you. The jackal attacks as you move away!
The jackal closely misses you. The jackal misses you.
Your magical contamination has completely faded away.
The jackal attacks as you move away! The jackal misses you.
The jackal bites you.
* * * LOW HITPOINT WARNING * * *
The jackal misses you. The jackal attacks as you move away!
The jackal bites you.
You die...

#.#.#####.#####
#..........####
#...#.>........
#...#.###..####
#...#)# #..#
####.....# #..#
#.......####..#
#.##....)......
#@##....#####.##
#h##....####
#...........
#.####..####
#.####....#
#....##.....
#..#.# ##.##
#....# #.#
#.#.## #.#


You could see a jackal.

Vanquished Creatures
  An endoplasm (D:1)
  2 hobgoblins (D:1)
  6 jackals (D:1)
  2 quokkas (D:1)
  5 bats (D:1)
  A frilled lizard (D:1)
  5 kobolds (D:1)
22 creatures vanquished.

Notes
Turn   | Place    | Note
-------+----------+-------------------------------------------
     0 | D:1      | Descartes the Deep Elf Wanderer began the quest for the
                  | Orb.
     0 | D:1      | Descartes set off with the following items: a +0 sling, 15
                  | poisoned darts, a +0 dagger, a scroll of fear, a +0 robe;
                  | and the following spell memorised: Sandblast; and the
                  | following spells available to memorise: Stone Arrow,
                  | Petrify.
     0 | D:1      | Reached XP level 1. HP: 12/12 MP: 5/5
   140 | D:1      | Reached XP level 2. HP: 14/16 MP: 3/6
   244 | D:1      | Reached skill level 1 in Dodging
   358 | D:1      | Reached skill level 1 in Conjurations
   383 | D:1      | Slain by a jackal

Illustrated notes

Levels and vault maps discovered:
D:1:      shiori_arrival_maze, layout_loops_ring, basic_ecumenical_altar,
          minmay_misc_feat_iff, minmay_tripent

Skill      XL: |  1  2 |
---------------+-------+-----
Dodging        | 1 |  1.2
Spellcasting   | 2 |  2.0
Conjurations   | 1 |  1.0
Fighting       | |  1.2
Ranged Weapons | |  2.6
Throwing       | |  1.0
Transmutations | |  0.9
Earth Magic    | |  3.4
Invocations    | |  2.0

Action                   || total
-------------------------++-------
 Fire: Sling             ||    27
 Cast: Sandblast         ||    21
Armor: Robe              ||     4
Dodge: Dodged            ||    23
